 Dungeon Crawl Stone Soup version 0.30-a0-341-g682706514a (webtiles) character file.

Game seed: 6186612228835168919

162 p00ps00p the Trooper (level 5, 0/64 HPs)
             Began as a Djinni Transmuter on Nov 4, 2022.
             Was an Initiate of Ashenzari.
             Frozen to death by an endoplasm (4 damage)
             ... in a sewer.
             The game lasted 00:06:01 (3031 turns).

p00ps00p the Trooper (Djinni Transmuter)            Turns: 3031, Time: 00:06:02

Health: 0/64       AC: 14    Str:  9    XL:     5   Next: 71%
Gold:   242        EV:  2    Int: 17    God:    Ashenzari [......] SH:  0 Dex: 13

rFire   . . .      SeeInvis .      - Unarmed
rCold   . . .      Faith    .    (no shield)
rNeg    + . .      Spirit   .    (body armour currently unavailable)
rPois   ∞          Reflect  .    (helmet currently unavailable)
rElec   .          Harm     .    (cloak currently unavailable)
rCorr   .          Rampage  .    (gloves currently unavailable)
Will    .....      NoTele   +    (boots unavailable)
Stlth   +.........               d - amulet of regeneration
HPRegen 1.10/turn                f - ring of positive energy
MPRegen 0.00/turn                (no ring)

@: tree-form, corroded, very slightly contaminated
A: stationary, stasis, torment immunity, boosted hp, sickness immunity, (fire
resistance 2), (cold vulnerability 1), float, innate caster, HP casting, extra
vitality 1
a: Renounce Religion


You were in a sewer.
You worshipped Ashenzari.
Ashenzari was noncommittal.
You were a tree.
You visited 1 branch of the dungeon, and saw 4 of its levels.
You also visited: Sewer.

You collected 242 gold pieces.

Inventory:

Armour
 a - a +0 robe (melded)
 h - a +2 pair of gloves (melded)
Jewellery
 d - an amulet of regeneration (around neck)
 f - a ring of positive energy (left branch)
Wands
 m - a wand of mindburst (7)
Scrolls
 e - 3 scrolls of immolation
 g - a scroll of identify
Potions
 c - a potion of ambrosia {unknown}
 j - a potion of haste {unknown}
 k - a potion of attraction {unknown}
 l - a potion of resistance {unknown}


   Skills:
 + Level 5.1 Fighting
 - Level 2.1 Dodging
 - Level 3.0 Unarmed Combat
 - Level 1.5 Spellcasting


You couldn't memorise any spells.
You knew the following spells:

 Your Spells              Type           Power      Damage    Failure   Level
a - Beastly Appendage     Tmut           12%        N/A       11%         1
b - Wereblood             Tmut           6%         N/A       16%         2
c - Spider Form           Tmut/Pois      6%         N/A       32%         3
d - Ice Form              Ice/Tmut       6%         N/A       71%         4
e - Apportation           Tloc           12%        N/A       11%         1
f - Static Discharge      Conj/Air       12%        2-3/arc   16%         2
Your spell library was empty.

Dungeon Overview and Level Annotations

Branches:
Dungeon (4/15)              Sewer (1/1)
 Temple: D:4-7

Altars:
Ashenzari
Xom

Annotations:
D:4 Robin


Innate Abilities, Weirdness & Mutations

You are a tree.
Your roots penetrate the ground, keeping you stationary.
You cannot be teleported.
You are immune to unholy pain and torment.
Your maximum health is greatly increased.
Your equipment is partially melded.
You are immune to sickness and miasma.
You are immune to poison.
((Your flesh is very heat resistant. (rF++)))
((You are vulnerable to cold. (rC-)))
You float through the air rather than walking.
You learn spells naturally, not from books.
Your magical power is your life essence.
You have superior vitality. (+4 MHP)


Message History

Casting: Beastly Appendage (safe; 11% risk of failure)
Confirm with . or Enter, or press ? or * to list all spells.
You grow a pair of large bovine horns.
* * * LOW HITPOINT WARNING * * *
The endoplasm hits you.
* * * LOW HITPOINT WARNING * * *
Casting: Beastly Appendage (safe; 11% risk of failure)
Confirm with . or Enter, or press ? or * to list all spells.
You miscast Wereblood.
You are very lightly contaminated with residual magic.
Nothing appears to happen.
* * * LOW HITPOINT WARNING * * *
The endoplasm hits you.
* * * LOW HITPOINT WARNING * * *
You hit the endoplasm but do no damage.
You headbutt the endoplasm, but do no damage.
The endoplasm is almost dead.
Your transformation is almost over.
The endoplasm freezes you.
You are frozen.
You feel a terrible chill!
* * * LOW HITPOINT WARNING * * *
You feel better. The endoplasm freezes you.
You are frozen.
You feel a terrible chill!
* * * LOW HITPOINT WARNING * * *
Aiming: Mindburst
Press: ? - help, Q - select action, (/) - cycle Shift-Dir - straight line, f - endoplasm
Aim: an endoplasm (almost dead, not susceptible)
The endoplasm is unaffected.
The endoplasm freezes you.
You are frozen.
You feel a terrible chill!
* * * LOW HITPOINT WARNING * * *
Really quaff the potion of lignification?
Your horns disappear.
You turn into a tree.
Your +2 pair of gloves melds into your body.
Your +0 robe melds into your body.
Your roots penetrate the ground.
The endoplasm freezes you.
You are frozen.
You die...

#### #...# ~..~.##
J~..~## .~~.##
#~~.# #####
######J.####.~~##
##..~.#♣..##.~.~~##
#∩.~..~...#~~~#~~.#
~.~##~~.~~~.~##.~~#
#..~~.~~.##~..##
#!..##.~.~#.~~##
##!##..~.~##...#
###.....~÷##..#
~~~.~##~~~.####
.~.~# ##..~~~##


You could see an endoplasm.

Vanquished Creatures
  2 jellies (Sewer)
  3 adders
  A worm (D:2)
  2 dart slugs
  An orc (D:4)
  8 endoplasms
  5 giant cockroaches
  4 goblins
  9 hobgoblins
  3 quokkas
  11 ball pythons
  5 frilled lizards
  4 kobolds
  6 rats
64 creatures vanquished.

Notes
Turn   | Place    | Note
-------+----------+-------------------------------------------
     0 | D:1      | p00ps00p the Djinni Transmuter began the quest for the Orb.
     0 | D:1      | p00ps00p set off with the following spells memorised:
                  | Beastly Appendage, Wereblood, Spider Form, Ice Form.
     0 | D:1      | Reached XP level 1. HP: 17/17 MP: 0/0
    80 | D:1      | Reached XP level 2. HP: 19/23 MP: 0/0
   173 | D:1      | Reached skill level 2 in Fighting
   290 | D:1      | Found a faded altar of an unknown god.
   686 | D:1      | Reached XP level 3. HP: 21/29 MP: 0/0
   686 | D:1      | Learned a level 1 spell: Apportation
  1708 | D:2      | Reached skill level 3 in Fighting
  2115 | D:3      | Found a shimmering altar of Xom.
  2115 | D:3      | Found a broken altar of Ashenzari.
  2156 | D:3      | Became a worshipper of Ashenzari the Shackled
  2199 | D:3      | Reached XP level 4. HP: 35/35 MP: 0/0
  2630 | D:4      | Found a glowing drain.
  2660 | D:4      | Noticed Robin
  2661 | Sewer    | Entered a sewer
  2707 | Sewer    | Reached skill level 4 in Fighting
  2793 | Sewer    | Reached XP level 5. HP: 42/42 MP: 0/0
  2793 | Sewer    | Learned a level 2 spell: Static Discharge
  2994 | Sewer    | Reached skill level 5 in Fighting
  3030 | Sewer    | HP: 2/43 [frozen (6)]
  3031 | Sewer    | Frozen to death by an endoplasm

Illustrated notes

Levels and vault maps discovered:
D:1:      scummos_arrival_forest, layout_basic,
          chequers_ecumenical_altar_island,
          wander_ebering_terrifying_dragon_lair
D:2:      layout_loops_corners, serial_rivers, chequers_serial_rivers_room_a,
          chequers_serial_rivers_micro_c, chequers_serial_rivers_micro_a,
          chequers_serial_rivers_large_a, chequers_serial_rivers_room_a,
          chequers_serial_rivers_micro_e, glass_columns_a
D:3:      layout_basic, grunt_temple_overflow_open
D:4:      gammafunk_wand_slinger, layout_loops_ring,
          minmay_temple_entry_butterflies, cheibrodos_sewer_entry_drain,
          uniq_crazy_yiuf_cottage, uniq_grinder, uniq_pikel, uniq_robin
Sewer:    sewer_hellmonk_slimy_pipes

Skill      XL: |  1  2  3  4  5 |
---------------+----------------+-----
Fighting       | 2 3 4 5 |  5.1
Dodging        | |  2.1
Unarmed Combat | |  3.0
Spellcasting   | |  1.5

Action                   |  1- 3 |  4- 6 || total
-------------------------+-------+-------++-------
Melee: Unarmed           |   127 |   123 ||   250
       Headbutt          |    20 |    18 ||    38
       Punch             |     7 |     4 ||    11
 Cast: Beastly Appendage |    32 |    15 ||    47
       Wereblood         |    21 |    12 ||    33
Evoke: Wand              |       |     2 ||     2
  Use: Scroll            |     8 |     1 ||     9
       Potion            |       |     4 ||     4
Armor: Robe              |    29 |    52 ||    81
       Skin              |       |     1 ||     1
Dodge: Dodged            |    66 |    84 ||   150

Table legend: (Time is in decaauts)
 A = Elapsed time spent in this place.
 B = Non-inter-level travel time spent in this place.
 C = Inter-level travel time spent in this place.
 D = Time resting spent in this place.
 E = Time spent auto-exploring this place.
 F = Levels seen in this place.
 G = Mean time per level.
                   A        B        C        D        E       F      G
               +--------+--------+--------+--------+--------+-----+--------+
         Total |   3016 |   2952 |     64 |    352 |   1952 |   5 |  603.2 |
       Dungeon |   2651 |   2587 |     64 |    204 |   1894 |   4 |  662.8 |
         Sewer |    365 |    365 |      0 |    148 |     58 |   1 |  365.0 |
               +--------+--------+--------+--------+--------+-----+--------+

Top non-repeatable levels by time:
     D:2: 1109 daAuts
     D:1: 874 daAuts
     D:3: 595 daAuts
   Sewer: 365 daAuts
     D:4: 72 daAuts
